 Dungeon Crawl Stone Soup version 0.27-a0-1565-gad902ab807 (webtiles) character file.

Game seed: 17311473235985914571

80427 flotson the Cleaver (level 15, -17/118 HPs)
             Began as a Demonspawn Delver on July 16, 2021.
             Was an Initiate of Gozag.
             Killed from afar by a balrug (33 damage)
             ... with a fireball
             ... on level 1 of the Abyss.
             The game lasted 01:02:39 (33316 turns).

flotson the Cleaver (Demonspawn Delver)            Turns: 33316, Time: 01:02:39

Health: -17/118    AC: 36    Str: 33      XL:     15   Next: 23%
Magic:  0/24       EV: 17    Int: 16      God:    Gozag
Gold:   2564       SH: 15    Dex: 14 (15) Spells: 14/14 levels left

rFire    . . .     SeeInvis .   a - +3 broad axe (flame)
rCold    x . .     Faith    .   D - +4 kite shield of the Stag {rElec}
rNeg     + . .     Spirit   +   z - +6 scale mail of Manuent {Rampage Str+4 Int+4}
rPois    .         Reflect  .   y - +2 hat of the Bear Spirit {Spirit, +Rage rN+ Will++}
rElec    +         Harm     +   E - +1 cloak
rCorr    .         Rampage  +   L - +0 pair of gloves
Will     +++..                  V - +2 pair of boots of Hedging {Str+5}
Stlth    ++........             i - amulet "Fybuuwk" {Harm rC- Regen+ MP+9 Str+6}
HPRegen  1.29/turn              S - +4 ring of protection
MPRegen  0.38/turn              N - +4 ring of evasion

@: gold aura, sanguine armoured, studying Evocations
A: talons 1, icemail 2, magic shield, magic regeneration, sanguine armour 2,
condensation shield, deterioration 1
a: Renounce Religion, Evoke Berserk Rage, Potion Petition, Call Merchant, Bribe
Branch


You were on level 1 of the Abyss.
You worshipped Gozag.
Gozag was most pleased with you.
You visited 4 branches of the dungeon, and saw 22 of its levels.
You visited the Abyss 1 time.
You also visited: Ossuary, Bailey, Ice Cave and Volcano.

You collected 7823 gold pieces.
You spent 5097 gold pieces at shops.
You paid 162 gold pieces to Gozag.

Inventory:

Hand Weapons
 a - a +3 broad axe of flaming (weapon)
Missiles
 h - 8 atropa-tipped darts
 p - 11 javelins (quivered)
 q - 7 curare-tipped darts
 v - 38 poisoned darts
 M - 23 boomerangs
 T - 7 throwing nets
Armour
 y - the +2 hat of the Bear Spirit (worn) {Spirit, +Rage rN+ Will++}
   (You bought it in a shop on level 2 of the Orcish Mines)

   rN:        It protects you from negative energy.
   +Rage:     It lets you go berserk.
   Will:      It greatly increases your willpower.
 z - the +6 scale mail of Manuent (worn) {Rampage Str+4 Int+4}
   (You bought it in a shop on level 11 of the Dungeon)

   Str:       It affects your strength (+4).
   Int:       It affects your intelligence (+4).
   Rampage:   It bestows one free step when moving towards enemies.
 D - the +4 kite shield of the Stag (worn) {rElec}
   (You bought it in a shop on level 2 of the Orcish Mines)

   rElec:     It insulates you from electricity.
 E - a +1 cloak (worn)
 L - a +0 pair of gloves (worn)
 V - the +2 pair of boots of Hedging (worn) {Str+5}
   (You acquired it on level 2 of the Orcish Mines)

   Str:       It affects your strength (+5).
Jewellery
 d - a ring of protection from fire
 i - the amulet "Fybuuwk" (around neck) {Harm rC- Regen+ MP+9 Str+6}
   (You acquired it on level 11 of the Dungeon)

   [amulet of regeneration]

   Str:       It affects your strength (+6).
   rC:        It makes you vulnerable to cold.
   MP:        It affects your magic capacity (+9).
   Regen:     It increases your rate of health regeneration.
   Harm:      It increases damage dealt and taken.
 B - a ring of protection from cold
 C - a ring of see invisible
 N - a +4 ring of evasion (right hand)
 O - an amulet of the acrobat
 S - a +4 ring of protection (left hand)
 Z - a ring of poison resistance
Wands
 g - a wand of digging (10)
 k - a wand of iceblast (47)
 u - a wand of flame (42)
 x - a wand of polymorph (9)
 G - a wand of acid (13)
 I - a wand of paralysis (22)
 U - a wand of mindburst (24)
Scrolls
 c - 6 scrolls of teleportation
 e - 2 scrolls of enchant armour
 f - 2 scrolls of vulnerability
 l - a scroll of fog
 t - a scroll of blinking
 F - 3 scrolls of fear
 J - 4 scrolls of immolation
 P - a scroll of holy word
 R - 2 scrolls of magic mapping
 W - a scroll of summoning {unknown}
 X - a scroll of silence
Potions
 b - 4 potions of resistance
 j - a potion of ambrosia
 m - 3 potions of flight
 n - 3 potions of might
 o - a potion of brilliance
 r - 3 potions of mutation
 s - 3 potions of cancellation
 w - a potion of berserk rage
 A - 3 potions of lignification
 H - 3 potions of heal wounds
 K - a potion of attraction
 Q - 2 potions of invisibility
 Y - 4 potions of curing


   Skills:
 + Level 11.0 Fighting
 * Level 12.9 Axes
 + Level 9.5 Throwing
 + Level 9.7 Armour
 + Level 9.9 Dodging
 - Level 5.0 Stealth
 + Level 5.3 Shields
 + Level 10.0 Evocations


You had 14 spell levels left.
You didn't know any spells.
Your spell library contained the following spells:

 Spells                   Type           Power      Damage    Failure   Level
 Blink                    Tloc           N/A        N/A       93%         2
 Passwall                 Tmut/Erth      0%         N/A       93%         2
 Dazzling Flash           Conj/Hex       0%         N/A       99%         3
 Gell's Gravitas          Tloc           0%         N/A       99%         3
 Stone Arrow              Conj/Erth      0%         3d7       99%         3
 Swiftness                Air            0%         N/A       99%         3
 Teleport Other           Tloc           0%         N/A       99%         3
 Tukima's Dance           Hex            0%         N/A       99%         3
 Animate Armour           Summ/Erth      0%         N/A       100%        4
 Passage of Golubria      Tloc           N/A        N/A       100%        4
 Agony                    Necr           0%         N/A       100%        5
 Fireball                 Conj/Fire      0%         3d3       100%        5
 Iskenderun's Battlesphe  Conj           0%         2d6       100%        5
 Manifold Assault         Tloc           0%         N/A       100%        5
 Silence                  Hex/Air        0%         N/A       100%        5
 Yara's Violent Unravell  Hex/Tmut       0%         3d3       100%        5
 Conjure Ball Lightning   Conj/Air       0%         3x3d6     100%        6
 Dispersal                Tloc           0%         N/A       100%        6
 Invisibility             Hex            0%         N/A       100%        6
 Orb of Destruction       Conj           0%         N/A       100%        7
 Storm Form               Tmut/Air       0%         N/A       100%        7
 Lehudib's Crystal Spear  Conj/Erth      0%         10d2      100%        8


Dungeon Overview and Level Annotations

Branches:
Dungeon (13/15)            Temple (1/1) D:4            Lair (6/6) D:9
 Shoals (0/4) Lair:4       Spider (0/4) Lair:3        Slime (0/5) Lair:5
    Orc (2/2) D:12            Elf (0/3) Orc:2       Ossuary (visited)
 Bailey (visited)           IceCv (visited)         Volcano (visited)
 Vaults: D:13-14

Altars:
Ashenzari
Cheibriados
Dithmenos
Elyvilon
Fedhas
Gozag
Hepliaklqana
Kikubaaqudgha
Makhleb
Nemelex Xobeh
Okawaru
Qazlal
Ru
Sif Muna
Trog
Uskayaw
Vehumet
Wu Jian
Xom
Yredelemnul
Zin
The Shining One

Shops:
D:6 (   D:7 =   D:11 [   Orc:2 **=:[

Annotations:
D:13 Sonja


Innate Abilities, Weirdness & Mutations

You have sharp toenails.
A meltable icy envelope protects you from harm. (AC +0)
When hurt, damage is shared between your health and your magic reserves.
You regenerate magic rapidly.
When seriously injured, your bleeding wounds create thick armour. (AC +9)
A meltable shield of frost defends you. (SH +0)
Your body sometimes deteriorates upon taking damage.


Message History

The balrug hits you with a +4 demon whip of flaming!
You are engulfed in flames!!
* * * LOW HITPOINT WARNING * * *
The balrug burns you.
* * * LOW HITPOINT WARNING * * *
The red devil hops backward while attacking.
Something hits you but does no damage.
You are too injured to fight recklessly!
Unknown command.
You are too injured to fight recklessly!
You are too injured to fight recklessly!
Unknown command.
Unknown command.
Unknown command.
Press: ? - help, v - describe, . - travel
Here: a balrug, wielding a +4 demon whip of flaming The floor.
Unknown command.
Aiming: Paralyse
Press: ? - help, Shift-Dir - straight line, f - balrug
Aim: a balrug, wielding a +4 demon whip of flaming (chance to affect: 0%)
Okay, then.
Unknown command.
Aiming: Mindburst
Press: ? - help, Shift-Dir - straight line, f - balrug
Aim: a balrug, wielding a +4 demon whip of flaming (chance to affect: 1%)
Okay, then.
Unknown command.
Unknown command.
The balrug gestures at you. Something smites you!
* * * LOW HITPOINT WARNING * * *
Okay, then.
Unknown command.
As you read the scroll of fog, it crumbles to dust.
The scroll dissolves into smoke.
The balrug gestures at you.
The fireball explodes!
The fireball engulfs you!!
You die...
Your body crumbles into a pile of gold.

#.#.# ## ..
.####.##.
###.. ...
...#.#.....
.. ##.....##
# #.#... # .
##.##.#### #.
....#...#
.#...#.§#§#.#
#.....§@§§§##
#.##.#.##§§§#
# ...#. #§2##
.... #§#3.#
####..
##4....# .
#....#.#
.#......
.##..## #.
.#.


You could see a balrug.

Vanquished Creatures
  The ghost of Swapper the Severer, a journeyman MiBe of Trog (Orc:2)
  A reaper (IceCv)
  A great orb of eyes (D:12)
  A fire dragon (D:12)
  2 boulder beetles
  An ice dragon (Lair:6)
  6 hydras
  2 ogre magi (Orc:2)
  A centaur warrior (D:10)
  13 two-headed ogres
  3 death yaks (Lair:6)
  An alligator (Lair:6)
  Urug (Lair:6)
  2 deep trolls (Orc:2)
  2 lindwurms (Lair:6)
  4 harpies (D:13)
  An orc sorcerer (Orc:2)
  2 deep elf pyromancers (D:12)
  A manticore (D:13)
  2 orc knights
  A salamander (Volcano)
  2 cyclopes (Orc:2)
  Maurice (Orc:1)
  A black mamba (Lair:6)
  2 ice statues (IceCv)
  A gargoyle (D:10)
  7 torpor snails
  Maggie (D:6)
  11 cane toads
  A kobold demonologist (D:10)
  An unseen horror (D:10)
  A freezing wraith (IceCv)
  5 komodo dragons
  An efreet (D:13)
  6 ice devils (IceCv)
  9 trolls
  3 tyrant leeches (Lair:6)
  5 hornets (Lair:6)
  36 blink frogs
  4 polar bears
  9 slime creatures
  2 shadows
  4 wraiths
  2 basilisks
  6 wyverns
  55 yaks
  2 death yak simulacra (IceCv)
  2 steam dragons (D:8)
  An acid dragon (D:10)
  4 vampire mosquitoes
  A large abomination (Abyss:1)
  2 harpy simulacra (IceCv)
  3 wargs (Orc:1)
  Edmund (D:4)
  9 water moccasins
  4 hell hounds (Volcano)
  17 orc warriors
  2 necrophages
  3 sky beasts
  3 black bears
  23 ogres
  14 wolves
  3 centaurs
  6 kobold brigands
  A phantom (D:5)
  18 bullfrogs
  An elf zombie (Ossuary)
  10 gnoll sergeants
  A cane toad simulacrum (IceCv)
  2 two-headed ogre simulacra (IceCv)
  2 scorpions
  A water moccasin skeleton (D:4)
  2 elephant simulacra (IceCv)
  4 electric eels
  5 spriggan skeletons (D:10)
  A troll skeleton (D:10)
  19 wights
  2 howler monkeys
  A crimson imp (D:7)
  8 centaur zombies
  A human zombie (Ossuary)
  5 hounds
  4 jellies
  2 centaur skeletons
  7 gnoll shamans
  6 orc priests
  4 iguanas
  15 orc wizards
  A small abomination (Abyss:1)
  5 troll simulacra (IceCv)
  2 spriggan simulacra (IceCv)
  A polar bear simulacrum (IceCv)
  A hound zombie (D:5)
  2 mummies (Ossuary)
  28 gnolls
  7 adders
  4 white imps
  2 ufetubi
  2 adder zombies
  2 adder skeletons (D:4)
  A worm (D:3)
  3 dart slugs
  54 orcs
  8 ball pythons
  3 endoplasms
  6 giant cockroaches
  11 goblins
  6 hobgoblins
  3 jackals (D:2)
  13 kobolds
  3 quokkas
  5 bats
  4 frilled lizards (D:1)
  A goblin zombie (Ossuary)
  7 hobgoblin zombies (Ossuary)
  3 jackal zombies (Ossuary)
  13 kobold zombies (Ossuary)
  7 orc zombies (Ossuary)
  5 rats
  A rat zombie (Ossuary)
  A spectral kobold (D:12)
662 creatures vanquished.

Vanquished Creatures (others)
  A two-headed ogre (Volcano)
  An orc wizard (D:4)
  An ufetubus (IceCv)
  A bush (Lair:4)
  75 fungi
  76 plants
155 creatures vanquished.

Grand Total: 817 creatures vanquished

Notes
Turn   | Place    | Note
-------+----------+-------------------------------------------
     0 | D:5      | flotson the Demonspawn Delver began the quest for the Orb.
     0 | D:5      | Reached XP level 1. HP: 18/18 MP: 1/1
    65 | D:5      | Noticed an iguana
    81 | D:4      | Noticed a +0 dagger
    81 | D:4      | Noticed a +0 dagger
   532 | D:4      | Found a hide-covered altar of Uskayaw.
   552 | D:4      | Gained mutation: When seriously injured, your bleeding
                  | wounds create armour. (AC +9) [demonic ancestry]
   552 | D:4      | Reached XP level 2. HP: 20/24 MP: 2/2
   615 | D:4      | Reached skill level 2 in Axes
   822 | D:4      | You fall into a shaft and drop 1 floor!
  1091 | D:4      | Reached skill level 1 in Evocations
  1091 | D:4      | Gained mutation: A meltable shield of frost defends you.
                  | (SH +0) [demonic ancestry]
  1091 | D:4      | Reached XP level 3. HP: 28/29 MP: 3/3
  1120 | D:4      | Reached skill level 1 in Armour
  1441 | D:4      | Found a sacrificial altar of Ru.
  1489 | D:4      | Found a staircase to the Ecumenical Temple.
  1489 | D:4      | Noticed a scorpion
  1505 | Temple   | Entered the Ecumenical Temple
  2529 | D:1      | Reached XP level 4. HP: 33/35 MP: 4/4
  4840 | D:3      | Found an iron altar of Okawaru.
  4840 | D:3      | Found a snail-covered altar of Cheibriados.
  5159 | D:3      | Gained mutation: A meltable icy envelope protects you from
                  | harm. (AC +0) [demonic ancestry]
  5159 | D:3      | Reached XP level 5. HP: 42/42 MP: 5/5
  5467 | D:3      | Found a faded altar of an unknown god.
  5589 | D:4      | Found a broken altar of Ashenzari.
  5767 | D:4      | Reached skill level 1 in Throwing
  6303 | D:4      | Gained mutation: You regenerate magic rapidly. [demonic
                  | ancestry]
  6303 | D:4      | Reached XP level 6. HP: 47/48 MP: 6/6
  6321 | D:4      | Reached skill level 3 in Axes
  6847 | D:4      | Noticed Edmund
  6881 | D:4      | Killed Edmund
  6882 | D:4      | Gained mutation: You have sharp toenails. [demonic
                  | ancestry]
  6882 | D:4      | Reached XP level 7. HP: 31/55 MP: 7/7
  8252 | D:4      | Reached XP level 8. HP: 42/61 MP: 8/8
  8526 | D:6      | Found Nouqul's Antique Weapon Shop.
  8537 | D:6      | Bought a glowing trident for 149 gold pieces
  8643 | D:6      | Reached skill level 4 in Axes
  8657 | D:6      | Reached skill level 5 in Fighting
  9411 | D:6      | Found an opulent altar of Gozag.
  9569 | D:6      | Noticed Maggie
  9594 | D:6      | Killed Maggie
 10093 | D:7      | Reached XP level 9. HP: 58/65 MP: 9/9
 10204 | D:7      | Reached skill level 5 in Axes
 10618 | D:7      | Reached skill level 5 in Dodging
 10642 | D:7      | Found Zymeurou's Jewellery Emporium.
 10687 | D:7      | Reached skill level 5 in Evocations
 11168 | D:7      | Found a shimmering altar of Xom.
 11168 | D:7      | Found a burning altar of Makhleb.
 11481 | D:8      | Found a sand-covered staircase.
 11490 | Ossuary  | Entered an ossuary
 11903 | D:8      | Reached skill level 6 in Axes
 12162 | D:8      | Reached skill level 5 in Armour
 12429 | D:6      | Gained mutation: When hurt, damage is shared between your
                  | health and your magic reserves. [demonic ancestry]
 12429 | D:6      | Reached XP level 10. HP: 77/77 MP: 10/10
 12436 | D:6      | Became a worshipper of Gozag Ym Sagoz the Greedy
 13303 | D:9      | Found an ornate altar of the Wu Jian Council.
 13346 | D:9      | Reached skill level 5 in Throwing
 13781 | D:9      | Found a staircase to the Lair.
 13794 | D:9      | Found a bloodstained altar of Trog.
 13909 | D:10     | Entered Level 10 of the Dungeon
 13995 | D:10     | Reached skill level 7 in Axes
 14317 | D:10     | Reached skill level 5 in Stealth
 14522 | D:10     | Noticed a two-headed ogre
 14564 | D:10     | Killed a two-headed ogre
 14719 | D:10     | Noticed a gargoyle
 14726 | D:10     | Killed a gargoyle
 15433 | D:10     | Reached XP level 11. HP: 83/84 MP: 11/11
 15620 | D:10     | Noticed a centaur warrior
 15631 | D:10     | Killed a centaur warrior
 15632 | D:10     | Reached skill level 8 in Axes
 15935 | Lair:1   | Entered Level 1 of the Lair of Beasts
 16865 | D:7      | Bought a +4 ring of evasion for 504 gold pieces
 17283 | D:7      | Bought an amulet of the acrobat for 420 gold pieces
 17591 | Lair:1   | Noticed a six-headed hydra
 17604 | Lair:1   | Killed a one-headed hydra
 17605 | Lair:1   | Reached skill level 9 in Axes
 18291 | Lair:1   | Gained mutation: When seriously injured, your bleeding
                  | wounds create thick armour. (AC +9) [demonic ancestry]
 18291 | Lair:1   | Reached XP level 12. HP: 94/94 MP: 12/12
 18858 | Lair:2   | Found a dark tunnel.
 18866 | Volcano  | Entered a volcano
 18902 | Volcano  | Noticed a two-headed ogre
 18902 | Volcano  | Noticed a two-headed ogre
 18917 | Volcano  | Killed a two-headed ogre
 18919 | Volcano  | Killed a two-headed ogre
 18951 | Volcano  | Noticed a two-headed ogre
 18951 | Volcano  | Noticed a two-headed ogre
 18956 | Volcano  | Killed a two-headed ogre
 18957 | Volcano  | Killed a two-headed ogre
 20233 | Lair:3   | Noticed a five-headed hydra
 20375 | Lair:2   | Reached skill level 10 in Axes
 20376 | Lair:2   | Killed a one-headed hydra
 20574 | Lair:3   | Found a hole to the Spider Nest.
 21338 | Lair:4   | Found a staircase to the Shoals.
 21622 | Lair:4   | Noticed a boulder beetle
 21649 | Lair:4   | Killed a boulder beetle
 22014 | Lair:4   | Gained mutation: A meltable icy envelope protects you from
                  | harm. (AC +0) [demonic ancestry]
 22014 | Lair:4   | Reached XP level 13. HP: 96/101 MP: 13/13
 23060 | Lair:5   | Reached skill level 1 in Shields
 23513 | Lair:5   | Found a staircase to the Slime Pits.
 23529 | Lair:5   | Reached skill level 11 in Axes
 24155 | Lair:6   | Entered Level 6 of the Lair of Beasts
 24584 | Lair:6   | Found a runed translucent door.
 25664 | Lair:6   | Noticed Urug
 25692 | Lair:6   | Killed Urug
 25693 | Lair:6   | Reached skill level 10 in Fighting
 26107 | Lair:6   | Paralysed by a hornet for 1 turns
 26205 | Lair:6   | Paralysed by a hornet for 1 turns
 26210 | Lair:6   | Paralysed by a hornet for 3 turns
 26464 | Lair:6   | Reached XP level 14. HP: 92/110 MP: 14/14
 27510 | D:11     | Found a flagged portal.
 27529 | Bailey   | Entered a bailey
 28622 | D:11     | Identified a scroll of acquirement
 28623 | D:11     | Acquired the amulet "Fybuuwk" {Harm rC- Regen+ MP+9 Str+6}
 28673 | D:11     | Found Pytizi's Antique Armour Emporium.
 28886 | D:12     | Found a frozen archway.
 28907 | IceCv    | Entered an ice cave
 29884 | IceCv    | Noticed a reaper
 29908 | IceCv    | Killed a reaper
 30429 | D:12     | Reached skill level 12 in Axes
 30678 | D:12     | Found a hazy altar of Hepliaklqana.
 30916 | D:12     | Found a staircase to the Orcish Mines.
 30924 | D:12     | Reached skill level 10 in Evocations
 31026 | Orc:1    | Entered Level 1 of the Orcish Mines
 31029 | Orc:1    | Noticed Maurice
 31035 | Orc:1    | Killed Maurice
 31171 | Orc:2    | Entered Level 2 of the Orcish Mines
 31171 | Orc:2    | Found a staircase to the Elven Halls.
 31184 | Orc:2    | Found Hukyrcha's Antique Armour Shoppe.
 31215 | Orc:2    | Bought a shimmering kite shield for 209 gold pieces
 31215 | Orc:2    | Identified the +4 kite shield of the Stag {rElec} (You
                  | bought it in a shop on level 2 of the Orcish Mines)
 31215 | Orc:2    | Bought a runed cloak for 165 gold pieces
 31323 | Orc:2    | Gained mutation: Your body sometimes deteriorates upon
                  | taking damage. [a neqoxec]
 31366 | Orc:2    | Found a runed translucent door.
 31367 | Orc:2    | Noticed Swapper's ghost (journeyman MiBe)
 31860 | Orc:2    | Found Puping's Book Boutique.
 31872 | Orc:2    | Reached XP level 15. HP: 117/117 MP: 15/15
 31873 | Orc:2    | Found Patuicko's Jewellery Emporium.
 31926 | Orc:2    | Reached skill level 5 in Shields
 31970 | Orc:2    | Found Vieddi Mos's General Store.
 31971 | Orc:2    | Found Xiabyigo's Assorted Antiques.
 31979 | Orc:2    | Bought the +2 hat of the Bear Spirit {Spirit, +Rage rN+
                  | Will++} for 586 gold pieces
 31979 | Orc:2    | Found the +2 hat of the Bear Spirit {Spirit, +Rage rN+
                  | Will++}
 32298 | Orc:2    | Killed Swapper's ghost
 32840 | D:11     | Bought an obsidian-encrusted scale mail for 225 gold pieces
 32840 | D:11     | Identified the +6 scale mail of Manuent {Rampage Str+4
                  | Int+4} (You bought it in a shop on level 11 of the Dungeon)
 32840 | D:11     | Bought a masterwork plate armour for 700 gold pieces
 32840 | D:11     | Identified the +0 plate armour "Fijateo" {Str+2} (You
                  | bought it in a shop on level 11 of the Dungeon)
 32840 | D:11     | Bought a warped scale mail for 225 gold pieces
 32840 | D:11     | Identified the +4 scale mail of the Dwarven Hall {rC+ Dex-4
                  | Stlth+} (You bought it in a shop on level 11 of the
                  | Dungeon)
 32924 | Orc:2    | Bought a scorched ring mail for 198 gold pieces
 32924 | Orc:2    | Identified the +1 ring mail of Grace {rC- rCorr Int+2} (You
                  | bought it in a shop on level 2 of the Orcish Mines)
 32976 | Orc:2    | Bought a scroll of acquirement for 1716 gold pieces
 32984 | Orc:2    | Acquired the +2 pair of boots of Hedging {Str+5}
 33202 | D:13     | Noticed Sonja
 33213 | D:13     | Cast into level 1 of the Abyss (Sonja)
 33292 | Abyss:1  | Acquired a manual of Evocations
 33316 | Abyss:1  | Killed from afar by a balrug

Illustrated notes

Levels and vault maps discovered:
D:1:      nagdon_arrival_zigzag_paths, layout_basic, minmay_ruptured
D:2:      layout_basic
D:3:      layout_loops_corners, gammafunk_temple_overflow_claw,
          basic_ecumenical_altar, serial_glass, glass_columns_a, glass_columns_a
D:4:      layout_basic, mainiacjoe_overflow_alcove_1, dancing_weapons_uskayaw,
          mainiacjoe_overflow_boulevard, minmay_temple_entry_butterflies,
          serial_rivers, chequers_serial_rivers_micro_a,
          chequers_serial_rivers_large_b, chequers_serial_rivers_marsh,
          chequers_serial_rivers_small_3, uniq_edmund
D:5:      layout_loops_cross, amcnicky_altar_gilded,
          chequers_serial_rivers_large_a, nicolae_underground_beach
D:6:      layout_loops_corners, lemuel_doored_altar, serial_shops,
          nicolae_shop_temple_entry_statues_fountains,
          kennysheep_generic_room_7, uniq_maggie
D:7:      layout_gridville, grunt_temple_overflow_champion_of_chaos,
          serial_shops, nicolae_diamond_shop
D:8:      layout_loops_ring, lightli_ossuary_entry_decrepit_ruins
D:9:      layout_basic, kennysheep_mini, nicolae_wu_jian_glorious_leap,
          grunt_lair_entry_orc_guard_hut
D:10:     wad_cavern_with_rooms, layout_basic, old_standard_altar,
          hangedman_tell_no_tales
D:11:     layout_irregular_city, enter_bailey_3, minmay_shop_grid_forest
D:12:     layout_rooms, kennysheep_orc_monster_closet_entryway,
          portal_ice_cave_entry_pillars_2, serial_glass, glass_columns_b,
          glass_columns_a, glass_columns_b, glass_columns_c, glass_columns_a,
          glass_columns_b, glass_columns_a, glass_columns_a, glass_columns_c,
          glass_columns_a, minmay_fountain_box,
          nicolae_hepliaklqana_monster_ancestors
D:13:     layout_cave_pods, serial_shops, shop, uniq_sonja
Temple:   nicolae_temple_figure_zero
Lair:1:   layout_cave_pods
Lair:2:   layout_concentric_octagons, lightli_volcano_entry_magma_tube,
          chequers_serial_rivers_micro_d, beast_lair_carwin_3
Lair:3:   layout_gridlike, spider_nest_entry_a
Lair:4:   layout_cellular_growth, shoals_dummy_entry
Lair:5:   layout_cave_shapes, minmay_slime_entry_pillars, grunt_megastairs_5,
          serial_bayou_shore_b, serial_bayou_shore_a
Lair:6:   wormcave, layout_loops_ring, grunt_megastairs_1, uniq_urug
Orc:1:    layout_diamond_mine, uniq_maurice
Orc:2:    st_orc_open, layout_caves, ebering_ghost_inner_flame, serial_shops,
          nicolae_shop_overgrown_old_shop
Abyss:1:  base: Lair:3, lemuel_flamethrower_2

Skill      XL: |  1  2  3  4  5  6  7  8  9 10 11 12 13 14 15 |
---------------+----------------------------------------------+-----
Axes           | 2 3 4 6 7 9 10 11 12 | 12.9
Dodging        | 2 3 4 5 6 7 8 9 |  9.9
Evocations     | 1 2 3 4 5 6 7 8 9 10 | 10.0
Armour         | 1 2 3 4 5 6 7 8 9 |  9.7
Throwing       | 1 2 3 4 5 6 7 8 9 |  9.5
Fighting       | 4 5 6 7 8 9 10 11 | 11.0
Stealth        | 5 |  5.0
Shields        | 3 4 5 |  5.3

Action                   |  1- 3 |  4- 6 |  7- 9 | 10-12 | 13-15 || total
-------------------------+-------+-------+-------+-------+-------++-------
Melee: Hand axe          |   148 |   123 |       |       |       ||   271
       Trident           |       |   170 |    78 |       |       ||   248
       Flail             |       |       |    70 |       |       ||    70
       Kick              |       |       |    87 |   196 |   344 ||   627
       Broad axe         |       |       |   212 |   580 |  1025 ||  1817
Throw: Dart              |       |    10 |     8 |     7 |     8 ||    33
       Javelin           |       |       |       |       |    13 ||    13
Evoke: Wand              |     1 |       |       |    11 |    11 ||    23
  Use: Potion            |     2 |     3 |     2 |     4 |     1 ||    12
       Scroll            |     4 |     2 |     8 |     8 |    17 ||    39
 Stab: Sleeping          |     3 |     5 |     6 |     8 |     2 ||    24
       Distracted        |     1 |     1 |       |     6 |     2 ||    10
       Fleeing           |       |       |       |     1 |       ||     1
Armor: Leather armour    |    21 |    40 |    26 |       |       ||    87
       Ring mail         |    47 |    61 |    51 |     3 |       ||   162
       Skin              |       |     5 |       |       |       ||     5
       Acid dragon scale |       |       |    87 |   250 |   238 ||   575
       Crystal plate arm |       |       |       |       |   158 ||   158
       Scale mail        |       |       |       |       |    18 ||    18
Dodge: Dodged            |   100 |   125 |   196 |   576 |   702 ||  1699
Block: Other             |    19 |    37 |    60 |   134 |     9 ||   259
       Kite shield       |       |       |       |       |   868 ||   868

Table legend: (Time is in decaauts)
 A = Elapsed time spent in this place.
 B = Non-inter-level travel time spent in this place.
 C = Inter-level travel time spent in this place.
 D = Time resting spent in this place.
 E = Time spent auto-exploring this place.
 F = Levels seen in this place.
 G = Mean time per level.
                   A        B        C        D        E       F      G
               +--------+--------+--------+--------+--------+-----+--------+
         Total |  34056 |  32026 |   2030 |   1378 |  24391 |  27 | 1261.3 |
       Dungeon |  18682 |  17378 |   1304 |    907 |  13379 |  13 | 1437.1 |
        Temple |    348 |    338 |     10 |      0 |    338 |   1 |  348.0 |
          Lair |  10242 |   9784 |    458 |    334 |   7847 |   6 | 1707.0 |
  Orcish Mines |   1966 |   1709 |    257 |      8 |   1075 |   2 |  983.0 |
         Abyss |    103 |    103 |      0 |      0 |     84 |   1 |  103.0 |
       Ossuary |    260 |    260 |      0 |      0 |    105 |   1 |  260.0 |
        Bailey |    670 |    670 |      0 |      0 |    420 |   1 |  670.0 |
      Ice Cave |   1444 |   1444 |      0 |      0 |   1087 |   1 | 1444.0 |
       Volcano |    337 |    337 |      0 |    129 |     55 |   1 |  337.0 |
               +--------+--------+--------+--------+--------+-----+--------+

Top non-repeatable levels by time:
     D:4: 3241 daAuts
  Lair:6: 3199 daAuts
    D:10: 2064 daAuts
  Lair:1: 1958 daAuts
     D:9: 1909 daAuts
     D:7: 1780 daAuts
  Lair:4: 1599 daAuts
     D:6: 1546 daAuts
  Lair:5: 1447 daAuts
   IceCv: 1444 daAuts
     D:5: 1407 daAuts
   Orc:2: 1348 daAuts
  Lair:2: 1336 daAuts
     D:2: 1331 daAuts
     D:8: 1311 daAuts
